Map: Frozen Temple

Players

Marina - Winner!

  • Race: Terran Terran
  • League: Silver

Gracz

  • Race: Protoss Protoss
  • League: Silver

VOD

Have the link to the VOD?

Description

Time

  • Played on: Oct. 9, 2016, 7:25 a.m.
  • Length: 16:02
Show
View Real Time Build Order
Export as new Build Order

Marina Terran - Winner!

Build Orders:  

Get SALT Encoding   

  12  0:03  SCV  
  13  0:15  Supply Depot  
  13  0:19  SCV  
  14  0:42  Barracks  
  14  0:46  Supply Depot  
  14  0:49  SCV  
  15  0:58  Refinery  
  15  1:01  SCV  
  16  1:14  SCV  
  17  1:26  SCV  
  17  1:31  Engineering Bay  
  18  1:38  SCV  
  19  1:41  Marine  
  20  1:50  SCV  
  21  1:55  Refinery  
  21  1:59  Marine  
  22  2:02  SCV  
  23  2:13  Factory  
  23  2:14  SCV  
  24  2:26  SCV  
  25  2:30  Barracks Tech Lab  
  25  2:38  Barracks, SCV  
  26  2:47  Terran Infantry Weapons Level 1  
  26  2:51  Orbital Command  
  26  2:56  Factory Tech Lab  
  26  3:08  Armory  
  26  3:13  Marine  
  27  3:24  Siege Tank  
  30  3:30  Marine  
  30  3:33  Barracks Reactor  
  31  3:42  Supply Depot  
  31  3:52  Marine  
  28  4:05  Supply Depot  
  28  4:09  Marine, Stimpack  
  28  4:11  Marine  
  28  4:12  Marine  
  31  4:20  Siege Tank  
  34  4:27  Marine  
  34  4:29  Marine  
  34  4:30  Marine  
  37  4:37  Supply Depot  
  37  4:45  Marine  
  35  4:47  Marine  
  35  4:48  Marine  
  36  5:03  Marine  
  36  5:05  Marine x2  
  39  5:18  Starport  
  39  5:19  Siege Tank  
  39  5:21  Marine  
  43  5:23  Marine x2  
  45  5:38  Marine  
  45  5:40  Marine  
  45  5:41  Marine  
  48  5:50  Widow Mine  
  48  5:56  Marine  
  49  5:58  Marine  
  49  5:59  Marine  
  46  6:12  Starport Tech Lab  
  46  6:14  Marine  
  46  6:16  Marine  
  46  6:17  Marine  
  49  6:21  Liberator  
  49  6:22  Factory  
  49  6:32  Marine  
  49  6:34  Marine x2  
  54  6:50  Marine  
  54  6:52  Factory Tech Lab  
  55  7:14  Terran Vehicle Weapons Level 1  
  55  7:16  Marine, Command Center  
  55  7:18  Factory Tech Lab  
  55  7:19  Marine  
  55  7:21  Marine  
  54  7:34  Marine  
  55  7:48  Marine x2  
  57  7:52  Marine  
  57  7:55  Supply Depot  
  58  8:05  Marine x2  
  58  8:10  Marine  
  57  8:23  Marine x2  
  58  8:28  Marine  
  59  8:41  Marine x2  
  59  8:44  SCV  
  59  8:46  Marine  
  63  8:56  SCV, Siege Tank  
  63  8:58  Widow Mine  
  63  8:59  Marine x2  
  68  9:03  Marine  
  68  9:08  SCV  
  69  9:17  Marine x2  
  64  9:21  Marine, SCV  
  67  9:33  SCV  
  56  9:39  Marine  
  56  9:43  Liberator  
  52  10:05  SCV  
  48  10:16  Marine  
  48  10:17  Marine x2, SCV  
  51  10:26  Liberator  
  51  10:29  SCV  
  51  10:34  Marine x3  
  55  10:42  SCV  
  55  10:52  Marine x3  
  55  10:54  SCV  
  59  11:09  Liberator  
  59  11:10  Marine x3  
  53  11:18  Thor x2  
  65  11:27  Marine  
  65  11:28  Marine x2  
  65  11:29  Refinery  
  65  11:30  Orbital Command  
  71  11:45  Marine  
  71  11:46  Marine x2  
  66  12:01  Thor  
  64  12:03  Marine  
  64  12:04  Marine x2  
  73  12:10  Refinery  
  71  12:21  Marine x3  
  72  12:27  Fusion Core  
  69  12:36  Siege Tank  
  72  12:39  Marine x3  
  75  12:44  Siege Tank  
  75  12:47  Terran Vehicle Weapons Level 2  
  75  12:48  Terran Infantry Weapons Level 2  
  78  12:56  Marine  
  78  12:57  Marine x2  
  73  12:59  Barracks  
  63  13:14  Marine  
  63  13:15  Marine x2  
  66  13:32  Marine  
  66  13:33  Marine x2  
  66  13:48  Supply Depot  
  62  13:50  Marine x2  
  64  13:56  Marine  
  65  14:08  Marine x2  
  67  14:14  Marine  
  68  14:18  Supply Depot  
  68  14:24  Command Center  
  68  14:25  Marine  
  68  14:26  Marine  
  70  14:32  Marine  
  70  14:38  Barracks Reactor  
  71  14:40  Supply Depot  
  71  14:43  Marine  
  71  14:44  Marine  
  73  14:50  Marine  
  74  15:00  Widow Mine x2  
  74  15:01  Marine  
  74  15:02  Marine  
  80  15:07  Marine  
  79  15:19  Marine x2  
  81  15:25  Marine  
  76  15:28  Widow Mine  
  76  15:32  Marine x2  
  80  15:37  Marine x2  
  77  15:43  Marine  
Show
View Real Time Build Order
Export as new Build Order

Gracz Protoss 

Build Orders:  

Get SALT Encoding   

  12  0:02  Probe (Chrono Boost)  
  13  0:14  Pylon  
  13  0:18  Probe (Chrono Boost)  
  14  0:31  Probe (Chrono Boost)  
  15  0:38  Pylon  
  15  0:41  Probe (Chrono Boost)  
  16  0:43  Assimilator  
  16  1:00  Gateway  
  16  1:12  Probe (Chrono Boost)  
  17  1:22  Probe (Chrono Boost)  
  18  1:33  Pylon, Probe (Chrono Boost)  
  18  1:39  Assimilator  
  19  1:43  Probe (Chrono Boost)  
  20  1:48  Cybernetics Core  
  21  1:54  Probe (Chrono Boost)  
  21  1:59  Gateway  
  21  2:01  Gateway  
  21  2:15  Gateway  
  21  2:20  Warp Gate  
  21  2:34  Probe (Chrono Boost)  
  22  2:45  Stalker  
  22  2:48  Stalker  
  26  2:58  Stalker  
  28  3:17  Stalker  
  28  3:18  Stalker  
  32  3:24  Stalker  
  32  4:10  Robotics Facility  
  32  4:38  Stalker  
  32  4:39  Stalker x2  
  36  4:56  Warp Prism  
  38  5:03  Robotics Facility  
  36  5:07  Stalker  
  38  5:17  Pylon  
  28  6:08  Stalker  
  28  6:10  Stalker x3  
  26  7:08  Stalker  
  26  7:09  Stalker  
  30  7:16  Stalker  
  30  7:17  Stalker  
  26  7:36  Robotics Bay  
  26  7:38  Stalker x2  
  30  7:48  Stalker x2  
  34  7:54  Immortal  
  34  7:59  Stargate, Immortal  
  34  8:05  Stalker x2  
  36  8:23  Stalker x2  
  36  8:28  Stalker  
  38  8:42  Nexus  
  38  8:45  Pylon  
  38  9:16  Stalker x2  
  42  9:17  Stalker  
  44  9:24  Disruptor  
  47  9:36  Stalker  
  29  9:50  Stalker  
  31  10:16  Void Ray  
  31  10:19  Stalker  
  33  10:46  Observer  
  32  10:50  Immortal  
  36  10:58  Probe (Chrono Boost)  
  36  10:59  Probe (Chrono Boost)  
  38  11:08  Stalker, Probe (Chrono Boost)  
  42  11:11  Probe (Chrono Boost)  
  42  11:23  Probe (Chrono Boost)  
  43  11:29  Assimilator  
  43  11:30  Stalker x2  
  43  11:31  Assimilator  
  47  12:01  Void Ray  
  47  12:04  Stalker  
  47  12:05  Stalker  
  55  12:35  Disruptor  
  39  13:52  Colossus  
  39  13:54  Stalker  
  39  13:55  Stalker x3  
  53  14:05  Probe (Chrono Boost)  
  53  14:06  Probe (Chrono Boost)  
  55  14:15  Probe (Chrono Boost)  
  57  14:18  Probe (Chrono Boost)  
  57  14:26  Probe (Chrono Boost)  
  57  14:30  Probe (Chrono Boost)  
  39  15:38  Stalker x2  
Tags
 
Add a new tag
Caveats
  • Supply blocks, unpowered buildings, or Contaminate may cause inaccurate times.
  • Supply counts are checked every 10 seconds.